Map: Kairos Junction LE

Players

Quarrell - Winner!

  • Race: Protoss Protoss
  • League: Platinum
  • Spawn Location: 11:00

A.I. 1 (Harder)

  • Race: Protoss Protoss
  • Spawn Location: 5:00

VOD

Have the link to the VOD?

Description

Personal reference

Time

  • Played on: July 25, 2019, 7 p.m.
  • Length: 12:53
Show
View Real Time Build Order
Export as new Build Order

Quarrell Protoss - Winner!

Build Orders:  

Get SALT Encoding   

  12  0:02  Probe  
  13  0:14  Probe  
  13  0:18  Pylon  
  14  0:26  Probe  
  15  0:38  Probe  
  15  0:42  Gateway  
  16  0:47  Probe  
  16  0:55  Probe  
  17  0:58  Assimilator  
  18  1:05  Probe  
  19  1:11  Pylon  
  19  1:17  Probe  
  20  1:31  Cybernetics Core  
  20  1:34  Probe  
  20  1:37  Assimilator  
  21  1:44  Warp Gate, Gateway  
  21  1:46  Probe  
  22  1:47  Zealot  
  24  1:58  Probe  
  25  2:14  Stalker  
  27  2:31  Stalker  
  29  2:44  Stalker  
  31  2:52  Pylon  
  31  3:00  Nexus  
  31  3:10  Stalker  
  33  3:16  Stalker, Pylon  
  35  3:36  Stargate  
  35  3:37  Stargate  
  35  3:38  Probe  
  36  3:54  Stalker  
  36  3:55  Stalker  
  40  4:09  Probe  
  40  4:12  Probe  
  42  4:17  Probe  
  42  4:21  Oracle  
  46  4:24  Probe  
  46  4:27  Probe  
  48  4:32  Stalker  
  48  4:36  Probe  
  48  4:38  Probe  
  52  4:46  Probe  
  52  4:49  Probe  
  54  4:54  Probe  
  58  5:01  Probe  
  58  5:02  Void Ray  
  58  5:05  Probe  
  61  5:17  Probe  
  61  5:20  Pylon  
  62  5:22  Pylon  
  62  5:31  Pylon  
  62  5:32  Assimilator  
  62  5:34  Assimilator  
  62  5:38  Void Ray  
  62  5:40  Pylon  
  66  6:07  Stalker  
  66  6:08  Stalker  
  67  6:12  Void Ray  
  71  6:26  Void Ray  
  75  6:33  Probe  
  75  6:34  Probe  
  77  6:41  Probe  
  77  6:45  Stalker x2  
  77  6:46  Probe  
  83  6:49  Probe  
  80  6:58  Probe  
  80  7:01  Probe  
  78  7:09  Void Ray x2  
  78  7:10  Probe  
  78  7:13  Probe  
  88  7:16  Pylon  
  88  7:20  Stalker  
  88  7:21  Stalker  
  93  7:22  Probe  
  93  7:27  Pylon  
  93  7:38  Protoss Air Weapons Level 1  
  93  7:50  Nexus  
  93  7:52  Void Ray x2, Pylon x2  
  101  8:06  Stalker x2  
  105  8:34  Stargate  
  105  8:35  Void Ray  
  109  8:44  Stalker  
  109  8:45  Stalker  
  113  8:59  Probe  
  113  9:02  Probe  
  115  9:11  Probe  
  115  9:14  Probe  
  117  9:22  Stalker x2  
  117  9:23  Probe  
  122  9:26  Probe, Void Ray x2  
  122  9:27  Void Ray  
  135  9:36  Pylon  
  135  9:37  Protoss Air Armor Level 1, Pylon  
  135  9:38  Probe  
  136  9:39  Pylon  
  136  9:50  Probe, Assimilator  
  137  9:56  Assimilator  
  137  9:59  Void Ray  
  137  10:01  Void Ray  
  145  10:18  Void Ray  
  145  10:29  Stalker  
  145  10:30  Stalker  
  149  10:43  Void Ray  
  153  10:52  Void Ray  
  157  10:59  Stalker x2  
  157  11:15  Void Ray  
  161  11:23  Stalker  
  161  11:24  Stalker  
Show
View Real Time Build Order
Export as new Build Order

A.I. 1 (Harder) Protoss 

Build Orders:  

Get SALT Encoding   

  12  0:00  Probe  
  13  0:13  Probe  
  14  0:20  Pylon  
  14  0:25  Probe  
  15  0:34  Probe  
  15  0:42  Probe  
  16  0:48  Assimilator  
  17  0:50  Gateway  
  17  0:52  Probe  
  18  1:00  Probe, Pylon  
  19  1:20  Probe  
  20  1:39  Zealot  
  22  1:40  Cybernetics Core  
  22  1:43  Gateway  
  22  1:46  Assimilator  
  22  2:01  Pylon  
  22  2:06  Adept  
  24  2:24  Warp Gate  
  24  2:30  Stalker  
  26  2:41  Zealot, Pylon  
  28  2:53  Adept  
  30  3:08  Stalker  
  32  3:20  Adept  
  32  3:21  Pylon  
  34  3:38  Stalker  
  34  3:40  Probe  
  37  3:48  Stalker  
  37  3:52  Probe  
  40  3:56  Pylon  
  40  4:04  Probe  
  40  4:08  Adept  
  43  4:14  Forge  
  43  4:16  Probe  
  44  4:25  Adept  
  44  4:28  Probe  
  47  4:40  Probe  
  47  4:41  Adept  
  50  4:52  Zealot  
  52  6:01  Probe  
  51  6:09  Probe, Sentry  
  52  6:14  Gateway, Protoss Ground Weapons Level 1  
  52  6:16  Photon Cannon  
  52  6:18  Sentry, Photon Cannon  
  55  6:20  Nexus  
  55  6:21  Pylon  
  55  6:25  Robotics Facility  
  55  6:32  Stalker  
  57  6:41  Sentry  
  57  6:43  Pylon  
  59  6:50  Stargate  
  47  6:55  Sentry  
  35  7:04  Zealot  
  37  7:12  Adept, Observer  
  40  7:21  Stalker  
  42  7:27  Observer  
  42  7:30  Stalker  
  42  7:35  Probe  
  42  7:36  Probe  
  47  7:38  Stalker  
  47  7:42  Assimilator  
  49  7:47  Stalker  
  49  7:48  Probe  
  49  7:51  Probe  
  53  7:55  Stalker  
  55  8:00  Probe  
  55  8:01  Protoss Ground Armor Level 1  
  55  8:03  Probe  
  55  8:04  Stalker  
  59  8:12  Probe, Zealot  
  60  8:15  Probe  
  63  8:24  Probe  
  64  8:27  Probe  
  65  8:34  Stalker  
  65  8:36  Probe  
  65  8:39  Probe  
  69  8:43  Adept  
  69  8:48  Probe  
  72  8:51  Probe  
  73  9:00  Probe  
  74  9:03  Probe  
  75  9:12  Probe  
  76  9:23  Assimilator  
  76  9:45  Probe x2  
  78  9:57  Probe  
  79  10:20  Stalker x2  
  79  10:24  Stalker x2  
  79  10:27  Zealot, Warp Prism  
  83  10:30  Pylon  
  83  10:34  Zealot  
  85  10:36  Nexus  
  85  10:48  Oracle  
  88  10:50  Gateway  
  88  10:55  Pylon  
  80  10:57  Robotics Facility  
  80  10:59  Sentry, Stargate  
  80  11:01  Forge  
  80  11:02  Warp Prism  
  60  11:05  Zealot  
  62  11:12  Zealot  
  64  11:22  Stalker  
  66  11:26  Void Ray  
  66  11:27  Zealot  
  66  11:32  Zealot  
  62  11:37  Zealot  
  62  11:39  Pylon  
  61  11:43  Zealot  
  55  11:47  Zealot  
  46  11:55  Sentry  
  46  11:56  Zealot  
  38  12:04  Stalker  
  38  12:07  Zealot  
  36  12:11  Pylon  
  36  12:12  Nexus  
  26  12:16  Probe  
  25  12:26  Pylon  
  15  12:36  Nexus  
  15  12:39  Gateway  
Tags
 
League
Platinum
Matchup
PvP
Spawn Locations
Cross Positions
Add a new tag
Caveats
  • Supply blocks, unpowered buildings, or Contaminate may cause inaccurate times.
  • Supply counts are checked every 10 seconds.